 Dungeon Crawl Stone Soup version 0.29.1-2-gbd0b4ee654 (webtiles) character file.

Game seed: 10635837235311112619

18 furfeg123 the Trooper (level 2, -2/24 HPs)
             Began as a Demonspawn Berserker on Oct 30, 2022.
             Was a Follower of Trog.
             Slain by Sigmund
             ... wielding a +0 scythe
              (9 damage)
             ... on level 2 of the Dungeon.
             The game lasted 00:00:48 (936 turns).

furfeg123 the Trooper (Demonspawn Berserker)         Turns: 936, Time: 00:00:49

Health: -2/24      AC:  4    Str: 17    XL:     2   Next: 48%
Magic:  2/2        EV:  9    Int:  8    God:    Trog [*.....]
Gold:   36         SH:  0    Dex: 12    Spells: 1/1 levels left

rFire   . . .      SeeInvis .     - Unarmed
rCold   . . .      Faith    .   (no shield)
rNeg    . . .      Spirit   .   a - +0 animal skin
rPois   .          Reflect  .   (no helmet)
rElec   .          Harm     .   (no cloak)
rCorr   .          Rampage  .   (no gloves)
Will    .....                   c - +1 pair of boots
Stlth   +.........              (no amulet)
HPRegen 0.08/turn               (no ring)
MPRegen 0.08/turn               (no ring)

@: on berserk cooldown, slowed, constricted, very slow
A: weakness stinger 1
a: Renounce Religion, Berserk


You were on level 2 of the Dungeon.
You worshipped Trog.
Trog was aware of your devotion.
You visited 1 branch of the dungeon, and saw 2 of its levels.

You collected 36 gold pieces.

Inventory:

Armour
 a - a +0 animal skin (worn)
 c - a +1 pair of boots (worn)
Potions
 b - a potion of might {unknown}
 d - a potion of degeneration {unknown}


   Skills:
 + Level 3.2 Fighting
 + Level 1.9 Armour
 + Level 2.0 Dodging
 + Level 0.4 Stealth
 + Level 3.0 Unarmed Combat


You had one spell level left.
You didn't know any spells.
Your spell library was empty.

Dungeon Overview and Level Annotations

Branches:
Dungeon (2/15)

Altars:

Annotations:
D:2 Sigmund


Innate Abilities, Weirdness & Mutations

You have a small tail.


Message History

Sigmund asks, "Do you like me?"
The ball python bites you but does no damage.
The ball python closely misses you.
You see here a +0 dagger.
A red film seems to cover your vision as you go berserk!
You feel yourself moving faster!
You feel mighty!
The ball python bites you but does no damage.
The ball python grabs you. The ball python constricts you.
Sigmund casts a spell at you. The magic dart hits you!
You escape the ball python's grasp.
You feel a strong urge to attack something.
Found 3 stones.
The ball python barely misses you. The ball python grabs you.
The ball python constricts you.
The ball python's grasp on you weakens, but your attempt to escape fails.
You feel your anger nearly subside. The ball python barely misses you.
The ball python constricts you.
You escape the ball python's grasp.
You are no longer berserk.
You are exhausted.
You feel yourself slow down.
Sigmund mumbles some strange words.
Sigmund flickers and vanishes!
Deactivating autopickup; reactivate with Ctrl-A.
You closely miss something.
Your tail-slap misses something.
Something hits you but does no damage. The ball python bites you.
The ball python grabs you. The ball python constricts you.
You miss something. The ball python barely misses you.
The ball python constricts you. Something hits you but does no damage.
The ball python bites you but does no damage.
The ball python constricts you.
A hobgoblin comes into view.
The hobgoblin shouts!
You hit something. You tail-slap something. The ball python closely misses you.
The ball python constricts you. The dart slug launches a dart at you.
The slug dart hits you.
* * * LOW HITPOINT WARNING * * *
Something hits you!
You die...

#####.......#.....
..#.....>...(...g.
................ .
.. #........#....#.#
#. #......#....#...#
#. #......#.........
.###.......w...#....
..##.....).S@{......
#.###..............^
#.###.##.........#..
###<##..##.....>...#
#......###.......$.#
#.......#
#######.###
#........# .#
..........# .#
.##.......#


You could see a dart slug, a hobgoblin and a ball python.

Vanquished Creatures
  2 bats (D:1)
  2 endoplasms
  3 hobgoblins (D:2)
  2 quokkas (D:1)
  A goblin (D:1)
  5 kobolds
15 creatures vanquished.

Notes
Turn   | Place    | Note
-------+----------+-------------------------------------------
     0 | D:1      | furfeg123 the Demonspawn Berserker began the quest for the
                  | Orb.
     0 | D:1      | Reached XP level 1. HP: 18/18 MP: 1/1
   621 | D:1      | Gained mutation: You have a small tail. [demonic ancestry]
   621 | D:1      | Reached XP level 2. HP: 24/24 MP: 2/2
   928 | D:2      | Noticed Sigmund
   936 | D:2      | Slain by Sigmund

Illustrated notes

Levels and vault maps discovered:
D:1:      erik_arrival_triangle_small, layout_loops_ring, serial_forest,
          infiniplex_forest_straight_4, infiniplex_forest_clump_double,
          infiniplex_forest_lined_4_way, infiniplex_forest_clump_small,
          infiniplex_forest_end_2, minmay_misc_feat_chi, patterned_corridor
D:2:      minmay_diamond_boxcup, layout_rooms, reono_crystal_passage,
          uniq_sigmund, uniq_natasha

Skill      XL: |  1  2 |
---------------+-------+-----
Dodging        | 2 |  2.0
Unarmed Combat | 3 |  3.0
Fighting       | |  3.2
Armour         | |  1.9
Stealth        | |  0.4

Action                   || total
-------------------------++-------
Melee: Unarmed           ||    46
       Tailslap          ||     3
Invok: Berserk           ||     1
 Stab: Sleeping          ||     2
Armor: Animal skin       ||    15
Dodge: Dodged            ||    36
